 Dungeon Crawl Stone Soup version 0.21-a0-225-g207ae17 (webtiles) character file.

485 tof the Twirler (level 6, 0/46 HPs)
             Began as a Demonspawn Gladiator on Aug 29, 2017.
             Slain by a killer bee (5 damage)
             ... on level 3 of the Dungeon.
             The game lasted 00:09:47 (3574 turns).

tof the Twirler (Demonspawn Gladiator)              Turns: 3574, Time: 00:09:48

Health: 0/46       AC:  9    Str: 16    XL:     6   Next: 88%
Magic:  8/8        EV: 13    Int: 10    God:
Gold:   145        SH:  0    Dex: 16    Spells: 7/8 levels left

rFire    . . .     SeeInvis .   a - +0 quarterstaff
rCold    . . .     Gourm    .   (shield currently unavailable)
rNeg     + . .     Faith    .   e - +0 ring mail
rPois    .         Spirit   .   c - +0 helmet
rElec    .         Reflect  .   (no cloak)
rCorr    .         Harm     .   B - +0 pair of gloves
MR       .....                  (no boots)
Stlth    +.........             (no amulet)
HPRegen  0.15/turn              o - ring of positive energy
MPRegen  0.11/turn              g - +2 ring of dexterity

@: lethally poisoned (0 -> -20)
A: talons 2, yellow scales 1, demonic guardian 1
a: no special abilities


You were on level 3 of the Dungeon.
You were not hungry.

You visited 1 branch of the dungeon, and saw 4 of its levels.
You also visited: Ossuary.

You collected 145 gold pieces.

Inventory:

Hand Weapons
 a - a +0 quarterstaff (weapon)
Missiles
 d - 3 throwing nets (quivered)
 j - 5 poisoned needles
Armour
 c - a +0 helmet (worn)
 e - a +0 ring mail (worn)
 B - a +0 pair of gloves (worn)
Jewellery
 g - a +2 ring of dexterity (right hand)
 o - a ring of positive energy (left hand)
Wands
 w - a wand of disintegration (15/24)
Scrolls
 b - 2 scrolls of remove curse {unknown}
 k - 4 scrolls of identify {unknown}
 m - a scroll of magic mapping {unknown}
 n - a scroll of noise {unknown}
 q - a scroll of amnesia {unknown}
 t - 4 scrolls of enchant weapon {unknown}
 u - 3 scrolls of blinking {unknown}
 v - 2 scrolls of teleportation {unknown}
 x - a scroll of random uselessness {unknown}
 y - a scroll of immolation {unknown}
 C - a scroll of recharging {unknown}
Potions
 h - 3 potions of berserk rage {unknown}
 i - 6 potions of curing {unknown}
 s - a potion of agility {unknown}
 z - a potion of mutation {unknown}
 D - a potion of lignification {unknown}
 E - a potion of haste {unknown}
 F - a potion of flight {unknown}
 G - a potion of ambrosia {unknown}
 H - a potion of magic {unknown}
Books
 r - a book of Cantrips

   Spells                             Type                      Level
   a - Confusing Touch                Hexes                        1
   b - Animate Skeleton               Necromancy                   1
   c - Summon Small Mammal            Summoning                    1
   d - Apportation                    Translocation                1
Comestibles
 f - 7 bread rations
 l - 7 fruits
 p - a meat ration
 A - a royal jelly
 I - a chunk of flesh


   Skills:
 + Level 2.6 Fighting
 * Level 4.1 Staves
 + Level 2.9 Throwing
 * Level 3.0 Armour
 + Level 3.6 Dodging
 + Level 1.5 Spellcasting
 + Level 2.0 Necromancy


You had 7 spell levels left.
You knew the following spells:

 Your Spells              Type           Power        Failure   Level  Hunger
a - Animate Skeleton      Necr           N/A          26%         1    ##.....


Dungeon Overview and Level Annotations

Branches:
Dungeon (4/15)
 Temple: D:4-7

Altars:
Fedhas


Innate Abilities, Weirdness & Mutations

You have razor-sharp toenails.
You are partially covered in yellow scales. (AC +2)
A weak demonic guardian rushes to your aid.


Message History

You feel sick. The killer bee stings you.
The killer bee stings you but does no damage.
You feel sick. The killer bee misses you.
You closely miss the killer bee.
The killer bee is lightly wounded.
You feel sick. The killer bee closely misses you. The killer bee misses you.
You miss the killer bee. Your kick misses the killer bee.
The killer bee is lightly wounded.
You feel sick. The killer bee stings you.
* * * LOW HITPOINT WARNING * * *
You are lethally poisoned!
The killer bee poisons you! The killer bee stings you.
* * * LOW HITPOINT WARNING * * *
You are more poisoned.
The killer bee poisons you!
You hit the killer bee. You claw the killer bee.
The killer bee is heavily wounded.
* * * LOW HITPOINT WARNING * * *
You feel sick. The killer bee stings you.
You die...

....#≈........≈#.................
....#≈.♣♣♣♣♣♣.≈#...[##...........
....#≈.♣ ♣.≈#....##...........
....#≈.♣ ♣.≈#....##...........
....#≈.♣ ♣.≈#..####...##......
....#≈.♣ ♣.≈##.####...#...####
....#≈.♣♣♣♣♣♣.≈#.........#...#
#...#≈........≈#.........#...#
#...#.≈≈≈≈≈≈≈≈≈#@............#
#...'###########.y...........#
#............#.............#####
.............#.....#######.Z...##
.............'...................
Z....####....#........####.....##
.............###......#........#
.............# #......#........#
.............# #......#........#


You could see a killer bee.

Vanquished Creatures
  An ogre (D:3)
  A water moccasin zombie (Ossuary)
  A killer bee (D:3)
  4 big kobold zombies (Ossuary)
  2 mummies (Ossuary)
  2 adders
  4 oozes
  5 adder zombies (Ossuary)
  2 worms
  2 dart slugs (D:2)
  3 leopard geckos (D:3)
  8 orcs (D:3)
  7 bats
  5 giant cockroaches
  6 goblins
  8 hobgoblins
  4 jackals (D:3)
  4 kobolds
  A quokka (D:3)
  A ball python (D:2)
  6 frilled lizards
  4 gnoll zombies (Ossuary)
  3 hobgoblin zombies (Ossuary)
  4 kobold zombies (Ossuary)
  4 orc zombies (Ossuary)
  6 rats
98 creatures vanquished.

Vanquished Creatures (collateral kills)
  An ogre (D:3)
  An adder (D:4)
  2 goblins (D:3)
4 creatures vanquished.

Grand Total: 102 creatures vanquished

Notes
Turn   | Place    | Note
-------+----------+-------------------------------------------
     0 | D:1      | tof the Demonspawn Gladiator began the quest for the Orb.
     0 | D:1      | Reached XP level 1. HP: 16/16 MP: 1/1
    48 | D:1      | Gained mutation: You have sharp toenails. [demonic ancestry]
    48 | D:1      | Reached XP level 2. HP: 8/22 MP: 2/2
   535 | D:1      | Reached skill level 1 in Armour
   550 | D:1      | Reached skill level 3 in Staves
   854 | D:1      | Reached XP level 3. HP: 27/27 MP: 3/3
  1340 | D:2      | Learned a level 1 spell: Animate Skeleton
  1508 | D:2      | Found a blossoming altar of Fedhas.
  1742 | D:2      | Gained mutation: You are partially covered in yellow scales. (AC +2) [demonic ancestry]
  1742 | D:2      | Reached XP level 4. HP: 33/33 MP: 4/4
  2138 | D:3      | Noticed an ogre
  2147 | D:3      | Killed an ogre
  2147 | D:3      | Reached skill level 1 in Necromancy
  2147 | D:3      | Gained mutation: A weak demonic guardian rushes to your aid. [demonic ancestry]
  2147 | D:3      | Reached XP level 5. HP: 16/38 MP: 4/6
  2278 | D:3      | Noticed an ogre
  2307 | D:3      | Killed an ogre
  2307 | D:3      | Reached skill level 1 in Spellcasting
  3054 | D:4      | Found a sand-covered staircase.
  3072 | Ossuary  | Entered an ossuary
  3101 | Ossuary  | Gained mutation: You have razor-sharp toenails. [demonic ancestry]
  3101 | Ossuary  | Reached XP level 6. HP: 43/46 MP: 7/7
  3349 | Ossuary  | Reached skill level 4 in Staves
  3574 | D:3      | Slain by a killer bee

Vault maps used:
D:1:      dpeg_arrival_tiny_a, minmay_misc_feat_cross, st_stairs_8
D:2:      fedhas_altar_2
D:3:      minivault_14, kennysheep_pointless_box
D:4:      corexii_shantytown, evilmike_ruin_ashenzari,
          lightli_ossuary_entry_decrepit_ruins, minmay_misc_feat_room
Ossuary:  ossuary_tomb_2

Skill      XL: |  1  2  3  4  5  6 |
---------------+-------------------+-----
Throwing       | 2 |  2.9
Armour         | 1 2 3 |  3.0
Staves         | 3 4 |  4.1
Dodging        | 3 |  3.6
Necromancy     | 1 2 |  2.0
Spellcasting   | 1 |  1.5
Fighting       | |  2.6

Action                   |  1- 3 |  4- 6 || total
-------------------------+-------+-------++-------
Melee: Quarterstaff      |    90 |   220 ||   310
       Kick              |    13 |    71 ||    84
 Cast: Animate Skeleton  |       |     4 ||     4
  Eat: Chunk             |     3 |     6 ||     9
Armor: Leather armour    |     7 |       ||     7
       Ring mail         |    20 |   100 ||   120
Dodge: Dodged            |    47 |   134 ||   181

Table legend:
 A = Spawn XP
 B = Non-spawn XP
 C = Spawn XP percentage of total XP
 D = Spawn monster count
 E = Non-spawn monster count
 F = Spawn count percentage of total count
 G = Total turns spent on level
                    A         B        C        D         E        F      G
               +---------+---------+-------+---------+---------+-------+---------
         Total |      80 |     614 |  11.5 |      11 |      91 |  10.8 |  3574
               +---------+---------+-------+---------+---------+-------+---------
           D:1 |       7 |      44 |  13.7 |       4 |      19 |  17.4 |  1100
           D:2 |       1 |      48 |   2.0 |       1 |      15 |   6.2 |   802
           D:3 |      72 |     250 |  22.4 |       6 |      27 |  18.2 |  1162
           D:4 |       0 |      19 |   0.0 |       0 |       3 |   0.0 |    47
       Ossuary |       0 |     253 |   0.0 |       0 |      27 |   0.0 |   463
               +---------+---------+-------+---------+---------+-------+---------
